 Dungeon Crawl Stone Soup version 0.20.0-10-g0535bb4 (console) character file.

729213 removed the Archmage (level 27, -36/174 HPs)
             Began as a Deep Elf Assassin on June 4, 2017.
             Was the Champion of Vehumet.
             Annihilated by Epruedul the pandemonium lord (45 damage)
             ... on level 21 of a ziggurat.
             The game lasted 04:18:11 (78800 turns).

removed the Archmage (Deep Elf Assassin)           Turns: 78800, Time: 04:18:11

Health: -36/174    AC: 16    Str: 16    XL:     27
Magic:  39/89      EV: 26    Int: 47    God:    Vehumet [******]
Gold:   4048       SH: 14    Dex: 18    Spells: 0/80 levels left

rFire    + . .     SeeInvis .   a - staff of power
rCold    + + .     Gourm    .   p - +3 buckler {rF+}
rNeg     . . .     Faith    .   j - +3 robe of Folly {Archmagi, MR-- Int+5}
rPois    +         Spirit   .   J - +2 helmet {Int+3}
rElec    +         Reflect  +   e - +1 cloak of Starlight {rElec rC+ EV+4 Stlth--}
rCorr    .         Harm     .   w - +2 pair of gloves
MR       ++...                  R - +0 pair of boots "Igraosaph" {+Inv MP+9}
Stlth    +.........             T - amulet of Wot Ocou {Reflect Str+4 Int+2 SH+5}
Regen    1.4/turn               D - ring of Reimbursement {rC+ MP+9 Str+4}
MPRegen  0.6/turn               E - ring of Uruoqiw {rPois MR++ Int+5 Dex+2}

@: very slightly contaminated, regenerating, silenced, deflect missiles
A: thin metallic scales 1, clever 1, poison resistance
}: 3/15 runes: serpentine, barnacled, silver
a: Renounce Religion, Evoke Invisibility


You were on level 21 of a ziggurat.
You worshipped Vehumet.
Vehumet was exalted by your worship.
You were not hungry.

You visited 10 branches of the dungeon, and saw 48 of its levels.
You visited 1 ziggurat, and saw 21 of its levels.
You also visited: Labyrinth, Trove, Sewer, Bailey, Ice Cave and Volcano.

You collected 8913 gold pieces.
You spent 4865 gold pieces at shops.

Inventory:

Hand Weapons
 b - the +8 storm bow {elec}
   (You found it on level 18 of a ziggurat)

   It charges the ammunition it shoots with electricity; occasionally upon a
   hit, such missiles may discharge and cause terrible harm.
 g - a +1 blowgun
 h - the +7 lajatang of Order {silver, rMut}
   (You found it on level 18 of a ziggurat)

   It protects you from mutation.
 v - a +8 demon whip of freezing
 B - the +10 zealot's sword {holy, *Rage rN+ EV+3}
   (You found it on level 20 of a ziggurat)

   It has been blessed by the Shining One to cause great damage to the undead
   and demons.
   It affects your evasion (+3).
   It protects you from negative energy.
   It may make you go berserk in combat.
Missiles
 f - 20 curare-tipped needles
 K - 10 throwing nets (quivered)
Armour
 e - the +1 cloak of Starlight (worn) {rElec rC+ EV+4 Stlth--}
   (You found it on level 14 of a ziggurat)

   It affects your evasion (+4).
   It protects you from cold.
   It insulates you from electricity.
   It makes you much less stealthy.
 j - the +3 robe of Folly (worn) {Archmagi, MR-- Int+5}
   (You found it on level 11 of a ziggurat)

   It affects your intelligence (+5).
   It affects your resistance to hostile enchantments.
 p - a +3 buckler of fire resistance (worn)
 w - a +2 pair of gloves (worn)
 J - a +2 helmet of intelligence (worn)
 R - the +0 pair of boots "Igraosaph" (worn) {+Inv MP+9}
   (You acquired it on level 3 of the Elven Halls)

   It affects your magic capacity (+9).
   It lets you turn invisible.
Magical Staves
 a - an uncursed staff of power (weapon)
Jewellery
 r - the ring "Locsoz" {rPois rC+ MR+ Str+3 SInv}
   (You found it in a treasure trove)

   [ring of strength]

   It affects your strength (+3).
   It protects you from cold.
   It protects you from poison.
   It affects your resistance to hostile enchantments.
   It lets you see invisible.
 D - the ring of Reimbursement (left hand) {rC+ MP+9 Str+4}
   (You found it on level 3 of the Elven Halls)

   [ring of magical power]

   It affects your strength (+4).
   It protects you from cold.
   It affects your magic capacity (+9).
 E - the ring of Uruoqiw (right hand) {rPois MR++ Int+5 Dex+2}
   (You found it in a treasure trove)

   [ring of intelligence]

   It affects your intelligence (+5).
   It affects your dexterity (+2).
   It protects you from poison.
   It affects your resistance to hostile enchantments.
 L - the ring "Mupio" {rElec rN+ Str-3 Int+8 Dex+4}
   (You bought it in a shop on level 3 of the Elven Halls)

   [ring of dexterity]

   It affects your strength (-3).
   It affects your intelligence (+8).
   It affects your dexterity (+4).
   It insulates you from electricity.
   It protects you from negative energy.
 O - the ring of Phasing {EV+8}
   (You found it on level 14 of a ziggurat)

   [ring of evasion]

   It affects your evasion (+8).
 T - the amulet of Wot Ocou (around neck) {Reflect Str+4 Int+2 SH+5}
   (You found it in a treasure trove)

   [amulet of reflection]

   It shields you and reflects attacks.
   It affects your strength (+4).
   It affects your intelligence (+2).
   It affects your SH (+5).
Wands
 l - a wand of digging (13/24)
 n - a wand of acid (4/15)
 t - a wand of clouds (4/9)
 U - a wand of iceblast (7/15)
Scrolls
 c - 7 scrolls of fear
 k - 14 scrolls of magic mapping
 s - 5 scrolls of blinking
 u - 16 scrolls of remove curse
 y - 16 scrolls of recharging
 z - 35 scrolls of teleportation
 C - 21 scrolls of fog
 G - 12 scrolls of identify
 V - 5 scrolls of enchant armour
 Z - 6 scrolls of amnesia
Potions
 d - 5 potions of magic
 i - 32 potions of curing
 o - 3 potions of cancellation
 q - 22 potions of mutation
 A - 7 potions of heal wounds
 I - a potion of invisibility
 M - 3 potions of agility
 N - 7 potions of resistance
 P - 9 potions of might
 S - 8 potions of brilliance
 W - 5 potions of haste
 Y - 2 potions of flight
Books
 H - the Catalogue of Burning Translocation
   (You found it on level 20 of a ziggurat)

   Spells                             Type                      Level
   a - Recall                         Summoning/Translocation      3
   b - Sticky Flame                   Conjuration/Fire             4
Comestibles
 x - 2 royal jellies
 F - 20 meat rations
 Q - 59 fruits
 X - 28 bread rations


   Skills:
 + Level 18.2 Fighting
   Level 4.0 Short Blades
 - Level 2.0 Throwing
 - Level 12.0 Dodging
 - Level 4.8 Stealth
 - Level 7.0 Shields
 O Level 27 Spellcasting
 - Level 25.0 Conjurations
 - Level 10.8 Hexes
 - Level 10.4 Charms
 - Level 16.7 Necromancy
 - Level 17.5 Translocations
 - Level 15.3 Transmutations
 - Level 25.0 Fire Magic
 - Level 5.6 Air Magic
 - Level 8.0 Earth Magic
 - Level 8.0 Poison Magic


You couldn't memorise any spells.
You knew the following spells:

 Your Spells              Type           Power        Failure   Level  Hunger
a - Lehudib's Crystal Sp  Conj/Erth      ########..   1%          8    None
b - Poison Arrow          Conj/Pois      ########..   1%          6    None
c - Bolt of Fire          Conj/Fire      #########.   0%          6    None
e - Regeneration          Chrm/Necr      ########..   0%          3    None
f - Fire Storm            Conj/Fire      #########.   1%          9    None
h - Ring of Flames        Chrm/Fire      ########..   1%          7    None
i - Ignition              Fire           #########.   1%          8    None
l - Blink                 Tloc           N/A          0%          2    None
n - Necromutation         Tmut/Necr      ########..   1%          8    None
r - Deflect Missiles      Chrm/Air       ########..   1%          6    None
A - Apportation           Tloc           ######       0%          1    None
B - Sublimation of Blood  Necr           ########..   0%          2    None
C - Controlled Blink      Tloc           N/A          1%          8    None
I - Invisibility          Hex            ########     1%          6    None


Dungeon Overview and Level Annotations

Branches:
Dungeon (15/15)            Temple (1/1) D:7            Lair (6/6) D:11
 Shoals (4/4) Lair:2        Snake (4/4) Lair:2        Slime (0/5) Lair:6
    Orc (2/2) D:12            Elf (3/3) Orc:2        Vaults (5/5) D:13
  Crypt (3/3) Vaults:2       Tomb (0/3) Crypt:3      Depths (5/5) D:15
    Zot (0/5) Depths:5

Altars:
Ashenzari
Cheibriados
Dithmenos
Elyvilon
Fedhas
Gozag
Hepliaklqana
Kikubaaqudgha
Makhleb
Nemelex Xobeh
Okawaru
Qazlal
Ru
Sif Muna
Trog
Uskayaw
Vehumet
Xom
Yredelemnul
Zin
The Shining One

Shops:
D:4 (   D:5 ?   D:7 *   D:9 ?(**%   D:11 [   D:15 (   Orc:2 *(:[[   Elf:1 *
Elf:2 ?[[   Elf:3 }=}   Shoals:1 :   Snake:4 ?   Vaults:2 [   Vaults:3 *
Vaults:4 *   Depths:1 =   Depths:4 %

Portals:
Hell: Depths:1 Depths:2 Depths:3 Depths:4 Depths:5
Abyss: Depths:1 Depths:2 Depths:4 Depths:5
Pandemonium: Depths:2 Depths:3

Annotations:
Elf:2 3 runed doors
Elf:3 exclusion: Roxanne, Roxanne


Innate Abilities, Weirdness & Mutations

You are partially covered in thin metallic scales. (AC +2)
Your mind is acute. (Int +2)
Your system is resistant to poisons. (rPois)


Message History

Unknown command.
The redback bites you.
* * * LOW HITPOINT WARNING * * *
The Ice Fiend calls on the powers of darkness!
The Killer Klown convulses!
The alligator snapping turtle convulses!
The purple very ugly thing convulses!
The white very ugly thing convulses!
The Killer Klown convulses! x2; The redback convulses!
Your body is wracked with pain!
* * * LOW HITPOINT WARNING * * *
A pandemonium lord and an apocalypse crab come into view.
The Killer Klown blinks!
You block the redback's attack.
An apocalypse crab comes into view.
Unknown command.
You feel much better.
The alligator snapping turtle changes into an azure jelly!
The redback closely misses you. Epruedul hits you!!
* * * LOW HITPOINT WARNING * * *
The Killer Klown blinks!
Epruedul hits you!!!
You die...

▓........§..v.....
▓..........vv.....
▓4.......§........
▓§..1&p.........♣.
▓&JW.4t...........
▓WW.u..........PP.
▓s§u..&..........♣
▓&&.p...t.........
▓@p...............
▓.................
▓.................
▓................
▓▓▓▓▓▓▓▓▓▓▓▓..


You could see Emeo, Epruedul, Jasuliomm, Qearcha, Xaaliur, 3 Killer Klowns, 2
very ugly things, an Ice Fiend, an azure jelly shaped shifter, 2 apocalypse
crabs, a hellwing, an ice devil, 3 wraiths and a redback.

Vanquished Creatures
  5 ancient liches
  Mara (Shoals:4)
  2 juggernauts
  A greater mummy (Zig:2)
  13 pandemonium lords
  Frederick (Depths:4)
  Saint Roka (Orc:1)
  Bai Suzhen (Depths:3)
  7 Killer Klowns
  Margery (Crypt:3)
  A caustic shrike (Depths:4)
  Vashnia (Snake:4)
  the Enchantress (Depths:2)
  4 golden dragons
  Jory (Crypt:2)
  3 bone dragons
  4 electric golems (Zig:18)
  A Brimstone Fiend (Zig:17)
  Jorgrun (Vaults:1)
  3 tentacled monstrosities
  The ghost of PeterLawrence the Warrior, an adept MiFi of Okawaru (Elf:3)
  Rupert (Lair:4)
  4 liches
  A quicksilver dragon (shapeshifter) (Zig:21)
  5 titans
  8 deep elf master archers
  7 deep elf blademasters
  4 krakens
  An Executioner (Zig:15)
  Gastronok (Lair:1)
  2 sphinxes (shapeshifter)
  8 ancient champions
  Polyphemus (Shoals:4)
  Kirke (D:15)
  12 storm dragons
  6 sphinxes
  5 shadow dragons
  13 nagarajas
  A storm dragon (shapeshifter) (Zig:17)
  7 fire giants
  Donald (Elf:1)
  4 revenants
  4 draconian monks
  An azure jelly (shapeshifter) (Vaults:5)
  2 tengu reavers (Vaults:5)
  11 ghost moths
  10 frost giants
  Ilsuiw (Shoals:4)
  4 orc warlords
  2 cacodemons (Zig:15)
  3 draconian knights (Zig:20)
  A frost giant (shapeshifter) (Zig:7)
  18 vault wardens
  8 draconian scorchers
  12 deep elf sorcerers
  Aizul (Snake:2)
  4 warmongers (Zig:15)
  19 very ugly things
  An emperor scorpion (shapeshifter) (Vaults:5)
  6 ghouls
  3 draconian annihilators
  4 curse skulls
  11 draconian stormcallers
  6 caustic shrike skeletons (Depths:2)
  4 reapers
  15 ironheart preservers
  2 emperor scorpions
  6 spriggan defenders
  7 draconian shifters
  5 war gargoyles (Vaults:5)
  30 stone giants
  3 deep elf elementalists
  5 black draconians
  9 vampire knights
  5 entropy weavers
  5 green draconians (Depths:5)
  5 red draconians
  9 deep elf demonologists
  A blood saint (Zig:15)
  A corrupter (Zig:15)
  5 purple draconians
  A dire elephant (Depths:2)
  2 black suns
  2 yellow draconians
  10 deep elf annihilators
  12 spark wasps
  2 white draconians
  8 eidola
  A minotaur (Lab)
  3 merfolk javelineers
  4 blizzard demons (Zig:15)
  15 jiangshi
  A mummy priest (Zig:1)
  A quicksilver dragon zombie (Crypt:3)
  11 merfolk impalers
  5 fire dragons
  14 ettins
  A green death (Zig:15)
  12 deep elf death magi
  13 yaktaur captains
  15 ogre magi
  10 ice dragons
  13 deep elf high priests
  A great orb of eyes (shapeshifter) (Depths:3)
  41 vault guards
  10 hydras
  6 rakshasas
  11 great orbs of eyes
  17 spriggan air magi
  Harold (Lair:3)
  2 catoblepae
  21 anacondas
  33 naga warriors
  2 hell beasts (Zig:15)
  5 merfolk avatars
  12 centaur warriors
  4 merfolk aquamancers (Shoals:4)
  Erica (D:8)
  48 two-headed ogres
  4 alligator snapping turtles
  3 satyrs
  7 death knights
  3 alligators
  29 dancing weapons
  14 death yaks
  11 deep troll shamans
  9 tengu warriors
  A hell hog (Zig:15)
  A queen ant (shapeshifter) (Zig:17)
  5 vampire magi
  19 deep troll earth magi
  8 spriggan berserkers
  A titan zombie (Crypt:3)
  6 orc high priests
  12 shock serpents
  2 soul eaters
  16 deep elf knights
  47 spriggans
  25 naga sharpshooters
  3 titan skeletons (Crypt:3)
  4 iron trolls
  58 skeletal warriors
  A storm dragon skeleton (Crypt:1)
  17 hell knights
  31 deep trolls
  16 sea snakes
  2 sixfirhies (Zig:5)
  A sea snake (shapeshifter) (Depths:3)
  7 shadow wraiths
  An entropy weaver zombie (Crypt:2)
  4 unseen horrors
  An anaconda zombie (Crypt:2)
  A shadow demon (Zig:5)
  A death drake (Zig:13)
  3 shambling mangroves
  2 swamp dragons (Zig:8)
  5 glowing orange brains
  7 spriggan druids (Depths:2)
  An orange crystal statue (Elf:1)
  19 deep elf archers
  6 flayed ghosts
  2 glowing orange brains (shapeshifter)
  A lindwurm (shapeshifter) (Zig:17)
  An obsidian statue (Zig:1)
  Pikel (D:8)
  A shadow dragon zombie (Crypt:1)
  13 naga ritualists
  A lindwurm (Lair:6)
  2 wizards
  15 harpies
  17 ironbrand convokers
  8 phantasmal warriors
  9 necromancers
  A tengu zombie (Depths:1)
  16 orc sorcerers
  16 mana vipers
  A mana viper (shapeshifter) (Depths:3)
  20 orc knights
  7 orb spiders
  14 oklob plants
  4 large abominations
  A wolf spider (shapeshifter) (Zig:3)
  8 salamanders
  A salamander (shapeshifter) (Vaults:3)
  74 deep elf magi
  2 frost giant zombies
  59 ugly things
  8 wolf spiders
  16 fauns
  9 cyclopes
  A stone giant zombie (Crypt:3)
  A frost giant skeleton (Crypt:3)
  A faun (shapeshifter) (Depths:5)
  A manticore (shapeshifter) (Depths:4)
  A fire giant skeleton (Crypt:3)
  9 manticores
  16 vault sentinels
  2 moths of wrath
  12 guardian serpents
  6 centaur zombies
  An iron dragon skeleton (Crypt:3)
  51 black mambas
  10 merfolk sirens
  2 ice statues (IceCv)
  24 naga magi
  4 water nymphs
  Maurice (D:9)
  3 apocalypse crabs
  2 eyes of devastation (shapeshifter)
  A titan simulacrum (Crypt:1)
  A water nymph (shapeshifter) (Depths:4)
  A black mamba (shapeshifter) (Vaults:2)
  A dire elephant skeleton (Crypt:3)
  17 elephants
  A gargoyle (D:10)
  2 stone giant skeletons
  4 smoke demons
  2 eyes of devastation
  A torpor snail (shapeshifter) (Vaults:5)
  14 spiny frogs
  A shock serpent skeleton (Crypt:3)
  A swamp worm zombie (Crypt:3)
  3 orange demons
  60 yaktaurs
  A black draconian zombie (Crypt:1)
  A kobold demonologist (D:13)
  3 spiny frogs (shapeshifter)
  13 rime drakes
  An efreet (Volcano)
  5 komodo dragons
  A yaktaur (shapeshifter) (Elf:1)
  6 freezing wraiths
  5 guardian mummies
  4 demonic crawlers
  A hellwing (Zig:15)
  2 catoblepas skeletons
  A minotaur zombie (Lab)
  3 red devils
  10 tengu conjurers
  A queen bee (shapeshifter) (Vaults:1)
  2 komodo dragons (shapeshifter)
  10 ice devils
  2 hydra zombies (Crypt:3)
  30 merfolk
  2 trolls (shapeshifter)
  A jumping spider (shapeshifter) (Vaults:2)
  A meliai (shapeshifter) (Depths:1)
  3 meliai (D:15)
  12 trolls
  7 jumping spiders
  10 tyrant leeches
  A polar bear (Lair:5)
  35 hornets
  A merfolk (shapeshifter) (Zig:7)
  5 raiju (Zig:18)
  4 wind drakes
  A dream sheep (shapeshifter) (Zig:3)
  27 slime creatures
  2 alligator zombies
  3 human simulacra
  4 blink frogs (Lair:1)
  12 hippogriffs
  A hydra skeleton (Crypt:3)
  2 hippogriffs (shapeshifter)
  A blink frog (shapeshifter) (Elf:2)
  4 bog bodies
  3 ettin zombies
  2 snapping turtles (shapeshifter)
  A dream sheep (Shoals:4)
  2 wolf spider simulacra
  11 water elementals
  A deep troll zombie (Depths:1)
  2 centaur simulacra
  A spriggan (shapeshifter) (Zig:16)
  4 fire dragon skeletons (Crypt:3)
  10 flying skulls
  7 snapping turtles
  6 shadows
  18 air elementals
  2 redbacks (shapeshifter)
  4 hogs (D:15)
  A tarantella (shapeshifter) (Vaults:3)
  9 tarantellas
  An ettin skeleton (Crypt:3)
  11 redbacks
  12 wraiths
  5 wyverns
  40 yaks
  8 fire elementals
  A golden eye (Zig:6)
  A basilisk (shapeshifter) (Depths:1)
  7 vampire mosquitoes
  4 ice dragon skeletons (Crypt:3)
  6 steam dragons
  3 hungry ghosts
  A redback simulacrum (D:15)
  A neqoxec (Zig:15)
  Eustachio (D:4)
  A chaos spawn (Zig:17)
  4 basilisks
  A yaktaur simulacrum (Vaults:2)
  Menkaure (D:4)
  Edmund (D:4)
  An infernal demonspawn zombie (Crypt:3)
  3 insubstantial wisps (Zig:18)
  A soldier ant (shapeshifter) (Vaults:3)
  11 wargs
  A soldier ant (D:14)
  2 acid dragons
  91 nagas
  A water moccasin (shapeshifter) (Vaults:5)
  2 floating eyes
  2 floating eyes (shapeshifter)
  14 porcupines
  A two-headed ogre zombie (Crypt:3)
  14 water moccasins
  A hell hound (Depths:1)
  A spiny frog zombie (Crypt:1)
  A spiny frog skeleton (Crypt:2)
  4 ice beasts
  58 orc warriors
  Duvessa (D:5)
  4 swamp drakes
  A slave (D:8)
  3 black bears
  5 phantoms
  A water nymph skeleton (Crypt:2)
  4 eyes of draining
  42 ogres
  7 sky beasts
  2 human skeletons
  18 boggarts
  3 necrophages
  8 wolves
  16 centaurs
  A snapping turtle skeleton (Crypt:1)
  A manticore skeleton (Crypt:3)
  12 crocodiles
  The ghost of removed the Sneak, an amateur DEAs (D:3)
  3 big kobolds
  A fire crab zombie (Crypt:2)
  16 bullfrogs
  A wyvern zombie (D:13)
  Dowan (D:5)
  12 earth elementals
  2 scorpions
  A wyvern skeleton (D:15)
  A troll zombie (Crypt:2)
  11 wights
  A snapping turtle simulacrum (Crypt:1)
  18 killer bees
  A troll skeleton (Crypt:1)
  9 electric eels
  5 howler monkeys
  A raiju skeleton (Crypt:2)
  2 bullfrog zombies
  10 crimson imps
  A quasit (D:10)
  3 jellies
  A bullfrog skeleton (D:5)
  26 orc priests
  4 hounds
  Crazy Yiuf (D:5)
  10 centaur skeletons
  3 iguanas
  2 hell rats (Lair:5)
  A lightning spire (Zig:20)
  21 orc wizards
  11 worker ants
  A felid zombie (Crypt:1)
  6 ogre zombies (D:12)
  A felid skeleton (Crypt:2)
  A deep dwarf skeleton (Crypt:2)
  3 naga skeletons
  3 mummies
  2 hound zombies
  2 hound skeletons
  A worker ant zombie (D:10)
  13 gnolls (Bailey)
  2 howler monkey skeletons (D:4)
  A swamp drake zombie (Crypt:3)
  13 adders
  9 river rats (Lair:5)
  A steam dragon skeleton (Crypt:1)
  6 shadow imps
  7 white imps (IceCv)
  9 ufetubi (IceCv)
  3 oozes (Lair:6)
  3 adder zombies
  2 worms
  A barachi skeleton (Crypt:3)
  3 dart slugs
  5 leopard geckos
  118 orcs
  4 ball pythons
  14 bats
  7 giant cockroaches
  9 goblins
  23 hobgoblins
  8 jackals
  28 kobolds
  6 quokkas
  8 frilled lizards
  A goblin skeleton (D:12)
  2 goblin zombies (D:12)
  A hobgoblin skeleton (D:12)
  A kobold zombie (Crypt:3)
  2 orc skeletons
  14 orc zombies (D:12)
  2 quokka skeletons
  12 rats
  A bush (Depths:2)
  6 crawling corpses (Depths:2)
  A fire vortex (Elf:3)
  3 fungi
  19 plants
  3 tentacles (Shoals:3)
3112 creatures vanquished.

Vanquished Creatures (collateral kills)
  A Killer Klown (Zig:21)
  A golden dragon (Zig:13)
  A deep elf master archer (Elf:3)
  A storm dragon (Zig:18)
  A deep elf sorcerer (Elf:3)
  An ironheart preserver (Vaults:5)
  An ugly thing (Depths:5)
  A dream sheep (Shoals:4)
  An ice beast (shapeshifter) (Depths:4)
  An ogre (Vaults:5)
10 creatures vanquished.

Vanquished Creatures (others)
  An eldritch tentacle (Zig:17)
  A stone giant (Vaults:5)
  2 yaktaur captains
  A centaur warrior (Vaults:1)
  A naga sharpshooter (Snake:4)
  A shadow demon (Zig:17)
  A wolf spider (shapeshifter) (Zig:17)
  A faun (Shoals:2)
  An apocalypse crab (Zig:17)
  A vault sentinel (Vaults:3)
  A yaktaur (Depths:4)
  A water elemental (Zig:19)
  A human (D:15)
  3 slaves (D:8)
  A centaur (Vaults:3)
  2 white imps (IceCv)
  3 ufetubi (IceCv)
  3 bushes (Depths:2)
  A butterfly (Lair:6)
  223 fire vortices
  39 fungi
  40 plants
  9 tentacles
338 creatures vanquished.

Grand Total: 3460 creatures vanquished

Notes
Turn   | Place    | Note
-------+----------+-------------------------------------------
     0 | D:1      | removed the Deep Elf Assassin began the quest for the Orb.
     0 | D:1      | Reached XP level 1. HP: 12/12 MP: 3/3
   252 | D:1      | Reached XP level 2. HP: 14/16 MP: 4/4
  1032 | D:2      | Reached XP level 3. HP: 20/20 MP: 5/5
  1720 | D:2      | Reached XP level 4. HP: 21/25 MP: 6/6
  1924 | D:3      | Noticed removed's ghost (amateur DEAs)
  1950 | D:3      | Killed removed's ghost
  1950 | D:3      | Reached XP level 5. HP: 22/29 MP: 7/7
  2346 | D:3      | Reached skill level 5 in Dodging
  2616 | D:3      | Reached XP level 6. HP: 22/36 MP: 8/8
  3088 | D:4      | Found Ukkauk's Weapon Shop.
  3123 | D:4      | Noticed Menkaure
  3248 | D:4      | Found a deep blue altar of Sif Muna.
  3248 | D:4      | Found a glowing silver altar of Zin.
  3249 | D:4      | Found a shimmering altar of Xom.
  3251 | D:4      | Found a bloodstained altar of Trog.
  3261 | D:4      | Noticed Edmund
  3287 | D:4      | Killed Edmund
  3313 | D:4      | Noticed Eustachio
  3339 | D:4      | Killed Eustachio
  3339 | D:4      | Reached XP level 7. HP: 43/43 MP: 9/9
  3499 | D:4      | Killed Menkaure
  3702 | D:5      | Entered Level 5 of the Dungeon
  3810 | D:5      | Found a shadowy altar of Dithmenos.
  4082 | D:5      | Reached skill level 1 in Spellcasting
  4174 | D:5      | Reached skill level 2 in Spellcasting
  4259 | D:5      | Reached skill level 3 in Spellcasting
  4259 | D:5      | Reached XP level 8. HP: 42/48 MP: 12/15
  4300 | D:5      | Found Kenep's Magic Scroll Shoppe.
  4357 | D:5      | Reached skill level 4 in Spellcasting
  4475 | D:5      | Noticed Duvessa
  4475 | D:5      | Noticed Dowan
  4494 | D:5      | Killed Duvessa
  4494 | D:5      | Reached skill level 5 in Spellcasting
  4498 | D:5      | Killed Dowan
  4836 | D:5      | Reached skill level 6 in Spellcasting
  4885 | D:5      | Reached skill level 7 in Spellcasting
  5224 | D:5      | Reached skill level 8 in Spellcasting
  5338 | D:5      | Found a runed door.
  5343 | D:5      | Noticed Crazy Yiuf
  5361 | D:5      | Killed Crazy Yiuf
  5692 | D:6      | Found a white marble altar of Elyvilon.
  5934 | D:6      | Found a glowing drain.
  5938 | Sewer    | Entered a sewer
  6902 | D:7      | Found a staircase to the Ecumenical Temple.
  6945 | Temple   | Entered the Ecumenical Temple
  7227 | D:7      | Reached XP level 9. HP: 52/52 MP: 23/23
  7437 | D:7      | Reached skill level 10 in Dodging
  7480 | D:7      | Found Widwat's Profane Products.
  7755 | D:7      | Found an ancient bone altar of Kikubaaqudgha.
  7765 | D:7      | Got a ripped robe
  7776 | D:7      | Identified the +2 robe "Boreps" {rPois rC+ Regen+ Dex-4} (You found it on level 7 of the Dungeon)
  7866 | D:7      | Reached skill level 5 in Fighting
  8537 | D:8      | Noticed Pikel
  8580 | D:8      | Killed Pikel
  8592 | D:8      | Noticed Erica
  8609 | D:8      | Noticed a two-headed ogre
  8670 | D:8      | Noticed a two-headed ogre
  8712 | D:8      | Killed a two-headed ogre
  8712 | D:8      | Reached XP level 10. HP: 50/64 MP: 24/24
  8958 | D:8      | Found a flagged portal.
  9040 | Bailey   | Entered a bailey
  9481 | Bailey   | Noticed an orc knight
  9889 | Bailey   | Killed an orc knight
 10474 | D:8      | Found a radiant altar of Vehumet.
 10506 | D:8      | Became a worshipper of Vehumet
 11097 | D:8      | Killed a two-headed ogre
 11097 | D:8      | Reached skill level 9 in Spellcasting
 11187 | D:8      | Killed Erica
 11187 | D:8      | Reached skill level 10 in Spellcasting
 11586 | D:8      | Reached * piety under Vehumet
 11586 | D:8      | Offered knowledge of Flame Tongue by Vehumet.
 11605 | D:8      | Learned a level 1 spell: Flame Tongue
 11951 | D:9      | Found Janwups's Weapon Emporium.
 11964 | D:9      | Found a radiant altar of Vehumet.
 12029 | D:9      | Reached XP level 11. HP: 58/71 MP: 27/27
 12093 | D:9      | Found Imider's Assorted Antiques.
 12120 | D:9      | Reached skill level 1 in Conjurations
 12121 | D:9      | Found Ofisairor's Food Emporium.
 12174 | D:9      | Reached skill level 1 in Fire Magic
 12236 | D:9      | Found an opulent altar of Gozag.
 12343 | D:9      | Noticed Maurice
 12369 | D:9      | Killed Maurice
 12445 | D:9      | Found Xenun's Magic Scroll Shop.
 12754 | D:9      | Found Reogra's General Store.
 13129 | D:10     | Entered Level 10 of the Dungeon
 13582 | D:10     | Found a portal to a secret trove of treasure.
 13602 | D:10     | Noticed a two-headed ogre
 13620 | D:10     | Killed a two-headed ogre
 13638 | D:10     | Noticed a two-headed ogre
 13711 | D:10     | Killed a two-headed ogre
 14048 | D:9      | Reached skill level 5 in Fire Magic
 14211 | D:9      | Reached skill level 5 in Conjurations
 14279 | D:9      | Bought a levitating book for 420 gold pieces
 14279 | D:9      | Identified Sidwub's Incunabulum of Shape Shifting (You bought it in a shop on level 9 of the Dungeon)
 14475 | D:4      | Bought 3 curare-tipped needles for 25 gold pieces
 14635 | D:11     | Noticed a two-headed ogre
 14655 | D:11     | Killed a two-headed ogre
 15424 | D:10     | Reached ** piety under Vehumet
 15424 | D:10     | Offered knowledge of Shock by Vehumet.
 15448 | D:10     | HP: 3/71 [poisoned by an orange demon]
 15454 | D:10     | HP: 3/71 [poisoned by an orange demon]
 15462 | D:10     | HP: 2/71 [poisoned by an orange demon]
 16056 | D:10     | Noticed a two-headed ogre
 16114 | D:10     | Killed a two-headed ogre
 16388 | D:11     | Noticed a two-headed ogre
 16388 | D:11     | Noticed a seven-headed hydra
 17773 | D:11     | Killed a two-headed ogre
 17773 | D:11     | Reached XP level 12. HP: 76/76 MP: 28/28
 17838 | D:10     | Paralysed by a hornet for 1 turns
 18441 | D:11     | Found a staircase to the Lair.
 18605 | Lair:1   | Entered Level 1 of the Lair of Beasts
 18634 | D:11     | Gained mutation: You are partially covered in thin metallic scales. (AC +2) [potion of mutation]
 18634 | D:11     | Gained mutation: Your system is resistant to poisons. (rPois) [potion of mutation]
 18634 | D:11     | Gained mutation: Your mind is acute. (Int +2) [potion of mutation]
 18978 | Lair:1   | Noticed Gastronok
 19155 | Lair:1   | Learned a level 5 spell: Bolt of Magma
 19161 | Lair:1   | Learned a level 5 spell: Iskenderun's Battlesphere
 19161 | Lair:1   | Reached XP level 13. HP: 80/80 MP: 29/29
 19584 | Lair:1   | Offered knowledge of Throw Flame by Vehumet.
 20139 | Lair:2   | Found a staircase to the Shoals.
 20167 | Lair:2   | Reached skill level 1 in Charms
 20229 | Lair:2   | Reached *** piety under Vehumet
 20663 | Lair:2   | Learned a level 6 spell: Iron Shot
 20693 | Lair:2   | Found a dark tunnel.
 20706 | Volcano  | Entered a volcano
 21111 | Lair:2   | Offered knowledge of Stone Arrow by Vehumet.
 21141 | Lair:2   | Learned a level 3 spell: Stone Arrow
 21665 | Lair:3   | Noticed Harold
 21671 | Lair:3   | Killed Harold
 21741 | Lair:3   | Reached **** piety under Vehumet
 22159 | Lair:3   | Offered knowledge of Mephitic Cloud by Vehumet.
 22900 | Lair:2   | Found a staircase to the Snake Pit.
 23622 | Lair:4   | Reached skill level 11 in Spellcasting
 23628 | Lair:4   | Noticed Rupert
 23646 | Lair:4   | Reached XP level 14. HP: 54/86 MP: 25/31
 23952 | Lair:4   | Reached skill level 12 in Spellcasting
 24124 | Lair:4   | Found a frozen archway.
 24165 | IceCv    | Entered an ice cave
 24664 | IceCv    | Reached skill level 13 in Spellcasting
 24971 | IceCv    | Noticed a reaper
 24981 | IceCv    | Killed a reaper
 24990 | IceCv    | Got a smoking rapier
 25227 | Lair:4   | Reached ***** piety under Vehumet
 25227 | Lair:4   | Offered knowledge of Conjure Ball Lightning by Vehumet.
 25284 | Lair:4   | Identified the +3 rapier "Hynupit" {freeze, *Drain rC+ Stlth+} (You found it in an ice cave)
 25325 | Lair:4   | Killed Rupert
 25325 | Lair:4   | Reached skill level 14 in Spellcasting
 26109 | Lair:5   | Learned a level 1 spell: Apportation
 26113 | Lair:5   | Learned a level 3 spell: Regeneration
 26730 | Lair:6   | Entered Level 6 of the Lair of Beasts
 26769 | Lair:6   | Reached skill level 15 in Conjurations
 27011 | Lair:6   | Found a staircase to the Slime Pits.
 27838 | Lair:6   | Reached skill level 5 in Charms
 27988 | Lair:6   | Offered knowledge of Lee's Rapid Deconstruction by Vehumet.
 28011 | Lair:6   | Learned a level 5 spell: Lee's Rapid Deconstruction
 28051 | Lair:6   | Reached XP level 15. HP: 90/90 MP: 31/35
 28384 | D:9      | Bought a thin runed staff for 336 gold pieces
 28488 | D:11     | Found Vucem's Armour Emporium.
 28635 | D:12     | Found a staircase to the Orcish Mines.
 29172 | Orc:1    | Entered Level 1 of the Orcish Mines
 29373 | Orc:2    | Entered Level 2 of the Orcish Mines
 29414 | Orc:2    | Paralysed by an orc sorcerer for 2 turns
 29425 | Orc:2    | Noticed an orc warlord
 29430 | Orc:2    | Killed an orc warlord
 29430 | Orc:2    | Reached skill level 10 in Fire Magic
 29601 | Orc:2    | Offered knowledge of Lightning Bolt by Vehumet.
 29766 | Orc:2    | Paralysed by an orc sorcerer for 6 turns
 29914 | Orc:2    | Reached skill level 15 in Spellcasting
 30136 | Orc:2    | Found Sarisoid's General Store.
 30158 | Orc:2    | Found Til Dixococ's Book Shoppe.
 30169 | Orc:2    | Noticed Saint Roka
 30476 | Orc:1    | Killed Saint Roka
 30476 | Orc:1    | Reached skill level 16 in Spellcasting
 30776 | Orc:2    | Found Kuozykam's Antique Armour Boutique.
 30794 | Orc:2    | Found Woxuig's Antique Armour Shop.
 30851 | Orc:2    | Found Oneirghe's Antique Weapon Emporium.
 30905 | Orc:2    | Found a staircase to the Elven Halls.
 31621 | Orc:1    | HP: 4/90 [orc[an orc high priest] (2)]
 31892 | Orc:2    | Bought a book of Fire for 975 gold pieces
 31898 | Orc:2    | Learned a level 5 spell: Fireball
 31905 | Orc:2    | Learned a level 6 spell: Bolt of Fire
 32019 | Orc:2    | Bought a runed helmet for 150 gold pieces
 32030 | Orc:2    | Bought a smoking robe for 114 gold pieces
 32043 | Orc:2    | Identified the +1 robe of Naczone {Dex+2} (You bought it in a shop on level 2 of the Orcish Mines)
 32172 | D:9      | Bought a scroll of amnesia for 49 gold pieces
 32277 | D:13     | Offered knowledge of Bolt of Draining by Vehumet.
 32482 | D:13     | Found a labyrinth entrance.
 32495 | Lab      | Entered a labyrinth
 33053 | Lab      | Got a translucent leather armour
 33053 | Lab      | Got a warped chain mail
 33064 | Lab      | Identified the +3 leather armour "Sycome" {+Inv rC- rCorr Int-2} (You found it in a labyrinth)
 33074 | Lab      | Identified the +4 chain mail "Beerex" {Int+2 Stlth+} (You found it in a labyrinth)
 33087 | Lab      | Got a faintly glowing flail
 33088 | Lab      | Identified the +8 flail of the Badger {pain, Str+2 Dex+3} (You found it in a labyrinth)
 33143 | D:13     | Found a gate to the Vaults.
 33982 | D:13     | Learned a level 8 spell: Ignition
 34109 | D:14     | Reached XP level 16. HP: 94/96 MP: 38/38
 34800 | D:14     | Found a stormy altar of Qazlal.
 34987 | D:15     | Entered Level 15 of the Dungeon
 35174 | D:15     | Found a shadowy altar of Dithmenos.
 35385 | D:15     | Offered knowledge of Poison Arrow by Vehumet.
 35524 | D:15     | Noticed Kirke
 35528 | D:15     | Noticed a sphinx
 35528 | D:15     | Killed Kirke
 35630 | D:15     | Learned a level 6 spell: Poison Arrow
 35811 | D:15     | Reached skill level 1 in Poison Magic
 35832 | D:15     | Found a staircase to the Depths.
 35989 | D:15     | Found Otuafum's Antique Weapon Shoppe.
 36038 | D:15     | Reached skill level 5 in Poison Magic
 36311 | Lair:1   | Killed Gastronok
 36450 | Snake:1  | Entered Level 1 of the Snake Pit
 37050 | Snake:1  | Identified a scroll of acquirement
 37168 | Snake:1  | Reached skill level 15 in Fire Magic
 37601 | Snake:1  | Reached XP level 17. HP: 97/100 MP: 29/39
 37796 | Snake:1  | Reached ****** piety under Vehumet
 37797 | Snake:1  | Offered knowledge of Freezing Cloud by Vehumet.
 38433 | Snake:2  | Reached skill level 17 in Spellcasting
 38551 | Snake:2  | Noticed Aizul
 38554 | Snake:2  | Killed Aizul
 39044 | Snake:2  | Reached skill level 18 in Spellcasting
 39726 | Snake:3  | Offered knowledge of Bolt of Cold by Vehumet.
 39791 | Snake:3  | Reached skill level 19 in Spellcasting
 40604 | Orc:2    | Bought a pair of glowing boots for 277 gold pieces
 40748 | D:9      | Bought the +4 moon troll leather armour {Spirit, Regen++ MP+5} for 1526 gold pieces
 40793 | D:10     | You paid a toll of the moon troll leather armour to enter a treasure trove
 40794 | Trove    | Entered a treasure trove
 40802 | Trove    | Got a crude wooden ring
 40804 | Trove    | Got a scintillating diamond amulet
 40816 | Trove    | Got a transparent lead ring
 40825 | Trove    | Got an ancient pewter ring
 40827 | Trove    | Got a sparkling silver ring
 40833 | Trove    | Identified the ring "Egej Qio" {+Fly Dex-4 Slay+3 SInv} (You found it in a treasure trove)
 40835 | Trove    | Identified the ring "Locsoz" {rPois rC+ MR+ Str+3 SInv} (You found it in a treasure trove)
 40837 | Trove    | Identified the ring of Uruoqiw {rPois MR++ Int+5 Dex+2} (You found it in a treasure trove)
 40839 | Trove    | Identified the ring of Midwinter {AC+1 Int+3} (You found it in a treasure trove)
 40841 | Trove    | Identified the amulet of Wot Ocou {Reflect Str+4 Int+2 SH+5} (You found it in a treasure trove)
 41227 | Snake:4  | Entered Level 4 of the Snake Pit
 41244 | Snake:4  | Noticed Vashnia
 41245 | Snake:4  | Reached skill level 20 in Spellcasting
 41467 | Snake:4  | Reached XP level 18. HP: 62/105 MP: 44/44
 41544 | Snake:4  | Reached skill level 21 in Spellcasting
 41903 | Snake:4  | Killed Vashnia
 42386 | Snake:4  | Found Eblahex's Magic Scroll Emporium.
 42395 | Snake:4  | Bought a scroll of blinking for 120 gold pieces
 42880 | Snake:4  | Offered knowledge of Lehudib's Crystal Spear by Vehumet.
 42880 | Snake:4  | Offered knowledge of Fire Storm by Vehumet.
 42880 | Snake:4  | Offered knowledge of Shatter by Vehumet.
 42893 | Snake:4  | Learned a level 9 spell: Fire Storm
 43937 | Snake:4  | Got a serpentine rune of Zot
 44145 | Shoals:1 | Entered Level 1 of the Shoals
 44320 | Shoals:1 | Reached XP level 19. HP: 110/110 MP: 46/46
 44370 | Shoals:1 | Found Ihenac's Book Boutique.
 44394 | Shoals:1 | Got an ichor-stained trident
 44409 | Shoals:1 | Identified the +5 trident of Beogh's Generosity {antimagic, +Inv rElec} (You found it on level 1 of the Shoals)
 44455 | Shoals:1 | Got a bloodstained robe
 44467 | Shoals:1 | Identified the +1 robe of the Sacrificial Victim {*Slow rElec rC+ Int+3} (You found it on level 1 of the Shoals)
 44516 | Shoals:1 | Found a basalt altar of Yredelemnul.
 46285 | Shoals:3 | Got a slimy quarterstaff
 46661 | Shoals:4 | Entered Level 4 of the Shoals
 46816 | Shoals:4 | Noticed Mara
 46849 | Shoals:4 | Killed Mara
 47856 | Shoals:4 | Noticed Ilsuiw
 47859 | Shoals:4 | Killed Ilsuiw
 47892 | Shoals:4 | Identified the +4 quarterstaff of Floods {freeze, *Rage Dex+4} (You found it on level 3 of the Shoals)
 48551 | Shoals:4 | Noticed Polyphemus
 48554 | Shoals:4 | Killed Polyphemus
 48554 | Shoals:4 | Reached XP level 20. HP: 114/115 MP: 47/47
 49049 | Shoals:4 | Got a barnacled rune of Zot
 49059 | Shoals:4 | Learned a level 7 spell: Ring of Flames
 49708 | Elf:1    | Entered Level 1 of the Elven Halls
 49761 | Elf:1    | Found a radiant altar of Vehumet.
 49988 | Elf:1    | Found Oriuxygi's Assorted Antiques.
 49988 | Elf:1    | Noticed Donald
 49990 | Elf:1    | Killed Donald
 49993 | Elf:1    | Bought a scroll labeled TIPPUC ZOGAFAF for 38 gold pieces
 50974 | Elf:2    | Found Fuimm's Magic Scroll Boutique.
 51203 | Elf:2    | Found Erisacha's Antique Armour Shop.
 51246 | Elf:2    | Found Odasham's Antique Armour Boutique.
 51387 | Elf:2    | Reached skill level 10 in Fighting
 51551 | Elf:2    | Found a runed gate.
 51551 | Elf:2    | Found a runed gate.
 51554 | Elf:2    | Found a runed gate.
 51635 | Elf:3    | Entered Level 3 of the Elven Halls
 51635 | Elf:3    | Noticed PeterLawrence's ghost (adept MiFi)
 51641 | Elf:3    | Killed PeterLawrence's ghost
 51832 | Elf:3    | Noticed Roxanne
 51865 | Elf:3    | Found Seora's Gadget Boutique.
 51867 | Elf:3    | Found Baukkid's Jewellery Shoppe.
 51868 | Elf:3    | Found Ulesh's Gadget Boutique.
 52724 | Elf:3    | Reached skill level 22 in Spellcasting
 53436 | Elf:3    | Reached XP level 21. HP: 124/124 MP: 49/49
 53547 | Elf:3    | Got an ancient amber ring
 53549 | Elf:3    | Identified the ring of Reimbursement {rC+ MP+9 Str+4} (You found it on level 3 of the Elven Halls)
 53555 | Elf:3    | Got a pitted short sword
 53556 | Elf:3    | Identified the cursed +0 short sword of Nemelex Xobeh's Envy {venom, Int+8 Stlth+} (You found it on level 3 of the Elven Halls)
 53563 | Elf:3    | Got jewelled fire dragon scales
 53570 | Elf:3    | Got a sparkling steel ring
 53572 | Elf:3    | Identified the ring "Kunumeuv" {Wiz Dex+4} (You found it on level 3 of the Elven Halls)
 53597 | Elf:3    | Identified the +2 fire dragon scales of the Nine Lies {rF++ rC- rN+ Int+2} (You found it on level 3 of the Elven Halls)
 53609 | Elf:3    | Got a coiled marble ring
 53611 | Elf:3    | Identified the ring "Gaceilek" {-Tele rElec rPois Slay+5 SInv} (You found it on level 3 of the Elven Halls)
 53648 | Elf:3    | Got a smoking hand crossbow
 53955 | Vaults:1 | Entered Level 1 of the Vaults
 54257 | Vaults:1 | Reached skill level 23 in Spellcasting
 54263 | Vaults:1 | Noticed Jorgrun
 54264 | Vaults:1 | Killed Jorgrun
 55054 | Vaults:1 | Reached skill level 24 in Spellcasting
 55066 | Vaults:1 | Got a bloodstained helmet
 55077 | Vaults:1 | Identified the cursed +0 helmet of Servitude {rElec Regen+ Dex-2 Slay+5} (You found it on level 1 of the Vaults)
 55113 | Vaults:1 | Learned a level 8 spell: Lehudib's Crystal Spear
 55771 | Vaults:2 | Found Qidih's Antique Armour Emporium.
 56144 | Vaults:2 | Reached skill level 25 in Spellcasting
 56487 | Vaults:2 | Found a staircase to the Crypt.
 57276 | Vaults:3 | Reached XP level 22. HP: 103/130 MP: 53/53
 58235 | Vaults:3 | Found Qojadgh's General Store.
 60005 | Vaults:4 | Found Kucluama's Assorted Antiques.
 60176 | Crypt:1  | Entered Level 1 of the Crypt
 60179 | Crypt:1  | Reached skill level 1 in Shields
 60692 | Crypt:1  | Reached XP level 23. HP: 135/135 MP: 50/54
 61437 | Crypt:2  | Reached skill level 5 in Shields
 62133 | Crypt:2  | Noticed Jory
 62144 | Crypt:2  | Killed Jory
 62431 | Crypt:2  | Got a bloodstained hunting sling
 62544 | Crypt:3  | Entered Level 3 of the Crypt
 62544 | Crypt:3  | Noticed Margery
 62548 | Crypt:3  | Killed Margery
 63596 | Crypt:3  | Found a basalt altar of Yredelemnul.
 63632 | Crypt:3  | Noticed an ancient lich
 63638 | Crypt:3  | Killed an ancient lich
 64222 | Crypt:3  | Identified the Tome of Dark Arts
 64228 | Crypt:3  | Learned a level 2 spell: Sublimation of Blood
 64284 | Crypt:3  | Reached XP level 24. HP: 139/139 MP: 54/54
 64502 | Crypt:3  | Found a staircase to the Tomb.
 64779 | Depths:1 | Entered Level 1 of the Depths
 65154 | Depths:1 | Found Gail's Jewellery Boutique.
 65231 | Depths:1 | Got a faintly glowing mace
 65398 | Depths:1 | Found a gateway to Hell.
 65706 | Depths:1 | Found a one-way gate to the infinite horrors of the Abyss.
 65709 | Depths:1 | Found a gateway to a ziggurat.
 65901 | Depths:2 | Found a one-way gate leading to the halls of Pandemonium.
 66355 | Depths:2 | Noticed the Enchantress
 66355 | Depths:2 | Killed the Enchantress
 66417 | Depths:2 | Got faerie dragon scales
 66428 | Depths:2 | Identified the +4 faerie dragon scales {rCorr MP+4 Str+4 Int+4 Slay-6} (You took it off the Enchantress on level 2 of the Depths)
 66446 | Depths:2 | Got a bloodstained shortbow {freeze}
 66578 | Depths:2 | You are sucked into a shaft for 2 floors!
 66621 | Depths:4 | Noticed Frederick
 66624 | Depths:4 | Killed Frederick
 66673 | Depths:4 | Found Dasapnum's Food Emporium.
 67108 | Depths:4 | Got an iridescent hand crossbow
 67173 | Depths:4 | Reached XP level 25. HP: 44/144 MP: 31/54
 68232 | Depths:3 | Got a faintly glowing rapier
 68449 | Depths:3 | Noticed Bai Suzhen
 68453 | Depths:3 | Killed Bai Suzhen
 69096 | Depths:3 | Reached skill level 26 in Spellcasting
 69560 | Depths:2 | Got a polished hat
 69571 | Depths:2 | Identified the +1 hat of Calculation {-Tele rF+ rC+} (You found it on level 2 of the Depths)
 69649 | Depths:2 | Identified Oczokhlee's Incunabulum of Creation and the Frostbite
 70380 | Depths:2 | Found a bloodstained altar of Trog.
 70455 | Depths:2 | Reached skill level 27 in Spellcasting
 70457 | Depths:2 | Reached skill level 1 in Necromancy
 70550 | Depths:2 | Learned a level 8 spell: Necromutation
 70686 | Depths:5 | Entered Level 5 of the Depths
 70714 | Depths:5 | Reached skill level 1 in Transmutations
 70912 | Depths:5 | Reached skill level 5 in Necromancy
 70998 | Depths:5 | Noticed a juggernaut
 71000 | Depths:5 | Killed a juggernaut
 71010 | Depths:5 | Reached skill level 5 in Transmutations
 71404 | Depths:5 | Reached XP level 26. HP: 150/150 MP: 56/56
 72021 | Depths:5 | Found a gate to the Realm of Zot.
 72056 | Depths:5 | Reached skill level 10 in Necromancy
 72802 | Vaults:5 | Entered Level 5 of the Vaults
 72804 | Vaults:5 | Reached skill level 10 in Transmutations
 73266 | Vaults:5 | Noticed an ancient lich
 73267 | Vaults:5 | Killed an ancient lich
 73567 | Vaults:5 | Identified the Disquisition on Transmutation
 73716 | Vaults:5 | Noticed an ancient lich
 73720 | Vaults:5 | Killed an ancient lich
 73837 | Vaults:5 | Identified Sif Muna's Guide on Confrontation
 73843 | Vaults:5 | Got a scintillating tin ring
 73845 | Vaults:5 | Identified the ring "Femis" {rN+ Stlth+} (You found it on level 5 of the Vaults)
 73869 | Vaults:5 | Got an encrusted flail
 74037 | Vaults:5 | Reached XP level 27. HP: 155/155 MP: 43/56
 74177 | Vaults:5 | Got a pitted crystal plate armour
 74178 | Vaults:5 | Identified the +2 crystal plate armour of Lugonu's Castigation {Dex+7} (You found it on level 5 of the Vaults)
 74194 | Vaults:5 | Got a silver rune of Zot
 74201 | Vaults:5 | Learned a level 2 spell: Blink
 74218 | Vaults:5 | Learned a level 8 spell: Controlled Blink
 74276 | Vaults:5 | Reached skill level 1 in Translocations
 74288 | Vaults:5 | Got a bloodstained dagger
 74350 | Vaults:5 | Got a crude bone ring
 74411 | Vaults:5 | Identified the ring "Giss" {rC++ rN+ MR+ Str-2 Int+4} (You took it off an orc priest on level 5 of the Vaults)
 74472 | Vaults:5 | Reached skill level 5 in Translocations
 74480 | Vaults:5 | Got a faintly glowing bardiche {venom}
 75272 | Snake:1  | Learned a level 6 spell: Invisibility
 75649 | Elf:3    | Bought the ring "Mupio" {rElec rN+ Str-3 Int+8 Dex+4} for 835 gold pieces
 75659 | Elf:3    | Got a pair of bloodstained boots
 75670 | Elf:3    | Identified the +0 pair of boots "Igraosaph" {+Inv MP+9} (You acquired it on level 3 of the Elven Halls)
 75982 | Zig:1    | Entered Level 1 of a ziggurat
 75985 | Zig:1    | Reached skill level 1 in Hexes
 76029 | Zig:2    | Entered Level 2 of a ziggurat
 76029 | Zig:2    | Noticed a greater mummy
 76035 | Zig:2    | Killed a greater mummy
 76146 | Zig:3    | Entered Level 3 of a ziggurat
 76179 | Zig:4    | Entered Level 4 of a ziggurat
 76302 | Zig:5    | Entered Level 5 of a ziggurat
 76308 | Zig:5    | Noticed Rom Vun the pandemonium lord
 76311 | Zig:5    | Killed Rom Vun the pandemonium lord
 76311 | Zig:5    | Reached skill level 5 in Hexes
 76398 | Zig:6    | Entered Level 6 of a ziggurat
 76450 | Zig:7    | Entered Level 7 of a ziggurat
 76457 | Zig:7    | Reached skill level 10 in Translocations
 76592 | Zig:8    | Entered Level 8 of a ziggurat
 76623 | Zig:8    | Got a faintly glowing arbalest
 76649 | Zig:9    | Entered Level 9 of a ziggurat
 76905 | Zig:9    | Got a brightly glowing hand axe
 76910 | Zig:9    | Reached skill level 10 in Hexes
 76922 | Zig:9    | Got a pair of jewelled gloves
 76933 | Zig:9    | Identified the +0 pair of gloves of Pan-Flutes {rC+ rN+ Int-3 Stlth+} (You acquired it on level 9 of a ziggurat)
 76967 | Zig:10   | Entered Level 10 of a ziggurat
 77002 | Zig:10   | Identified Poypi's Volume of Companions
 77039 | Zig:11   | Entered Level 11 of a ziggurat
 77050 | Zig:11   | Noticed a juggernaut
 77051 | Zig:11   | Killed a juggernaut
 77051 | Zig:11   | Reached skill level 15 in Necromancy
 77131 | Zig:12   | Entered Level 12 of a ziggurat
 77142 | Zig:12   | Noticed an ancient lich
 77144 | Zig:12   | Noticed an ancient lich
 77144 | Zig:12   | Killed an ancient lich
 77145 | Zig:12   | Killed an ancient lich
 77197 | Zig:12   | Got a faintly glowing bronze ring
 77201 | Zig:12   | Got a smelly chain mail
 77219 | Zig:12   | Got a coiled granite ring
 77229 | Zig:12   | Identified the ring "Apafy" {rC+ MR+} (You found it on level 12 of a ziggurat)
 77230 | Zig:12   | Identified the ring of Ahapod {Ice +Inv +Fly rElec rPois} (You found it on level 12 of a ziggurat)
 77249 | Zig:12   | Learned a level 6 spell: Deflect Missiles
 77334 | Zig:13   | Entered Level 13 of a ziggurat
 77349 | Zig:13   | Reached skill level 1 in Air Magic
 77411 | Zig:14   | Entered Level 14 of a ziggurat
 77495 | Zig:14   | Identified the Catalogue of Snow
 77499 | Zig:14   | Got a smoking plate armour
 77500 | Zig:14   | Identified the cursed +1 plate armour "Doluluc" {rC+} (You found it on level 14 of a ziggurat)
 77691 | Zig:15   | Entered Level 15 of a ziggurat
 77709 | Zig:15   | Reached skill level 15 in Transmutations
 77713 | Zig:15   | Killed Fogeuneunu the pandemonium lord
 77738 | Zig:15   | Got a translucent tin ring
 77739 | Zig:15   | Identified the ring "Masym" {rN+ Int+3} (You found it on level 15 of a ziggurat)
 77797 | Zig:16   | Entered Level 16 of a ziggurat
 77813 | Zig:16   | Reached skill level 10 in Charms
 77813 | Zig:16   | Reached skill level 5 in Air Magic
 77872 | Zig:16   | Reached skill level 15 in Translocations
 77876 | Zig:16   | Got a translucent golden ring
 77891 | Zig:16   | Identified the ring "Jug Fiunn" {Ice Int+3} (You found it on level 16 of a ziggurat)
 77916 | Zig:17   | Entered Level 17 of a ziggurat
 77934 | Zig:17   | Noticed Xikaod the pandemonium lord
 77952 | Zig:17   | Killed Xikaod the pandemonium lord
 77957 | Zig:17   | Noticed Notseoth the pandemonium lord
 77957 | Zig:17   | Killed Notseoth the pandemonium lord
 77960 | Zig:17   | Noticed Varghun the pandemonium lord
 77962 | Zig:17   | Killed Varghun the pandemonium lord
 77963 | Zig:17   | Noticed Miciys the pandemonium lord
 77963 | Zig:17   | Noticed Goxatus the pandemonium lord
 77964 | Zig:17   | Noticed Nyleh the pandemonium lord
 77964 | Zig:17   | Noticed Huryuqy the pandemonium lord
 77965 | Zig:17   | Noticed Tuibbol the pandemonium lord
 77966 | Zig:17   | Killed Huryuqy the pandemonium lord
 77966 | Zig:17   | Killed Goxatus the pandemonium lord
 77967 | Zig:17   | Killed Miciys the pandemonium lord
 77967 | Zig:17   | Killed Tuibbol the pandemonium lord
 77969 | Zig:17   | Killed Nyleh the pandemonium lord
 78214 | Zig:17   | Got a distressingly furry plate armour
 78224 | Zig:17   | Got an ichor-stained hand crossbow
 78252 | Zig:18   | Entered Level 18 of a ziggurat
 78366 | Zig:18   | Got a crude ring mail
 78380 | Zig:18   | Got a crude hunting sling
 78428 | Zig:18   | Identified the +2 ring mail "Zeunetefri" {rF+ rC+} (You found it on level 18 of a ziggurat)
 78431 | Zig:19   | Entered Level 19 of a ziggurat
 78516 | Zig:19   | Identified the Almanac of Darkness and Moulding
 78525 | Zig:19   | Reached skill level 15 in Fighting
 78527 | Zig:19   | Got a crude hand axe
 78543 | Zig:19   | Identified Sif Muna's Thorough Guide to Magic
 78544 | Zig:19   | Identified Zeilur's Papyrus of Warped Attacks
 78575 | Zig:20   | Entered Level 20 of a ziggurat
 78653 | Zig:20   | Got a pair of smoking gloves
 78664 | Zig:20   | Identified the +1 pair of gloves of Qitsaisuf {Regen+ Str+3 Int-5 Dex+3 Stlth+} (You acquired it on level 20 of a ziggurat)
 78699 | Zig:20   | Identified the Papyrus of Fire and Curses
 78704 | Zig:20   | Identified the Catalogue of Burning Translocation
 78753 | Zig:21   | Entered Level 21 of a ziggurat
 78764 | Zig:21   | Noticed Luatzaos the pandemonium lord
 78771 | Zig:21   | Killed Luatzaos the pandemonium lord
 78780 | Zig:21   | Noticed Yczeyn Gouk the pandemonium lord
 78782 | Zig:21   | Noticed Waupsiro the pandemonium lord
 78782 | Zig:21   | Killed Yczeyn Gouk the pandemonium lord
 78786 | Zig:21   | Killed Waupsiro the pandemonium lord
 78789 | Zig:21   | Noticed Epruedul the pandemonium lord
 78789 | Zig:21   | Noticed Jasuliomm the pandemonium lord
 78790 | Zig:21   | Noticed Xaaliur the pandemonium lord
 78798 | Zig:21   | Noticed Emeo the pandemonium lord
 78799 | Zig:21   | Noticed Qearcha the pandemonium lord
 78800 | Zig:21   | Annihilated by Epruedul the pandemonium lord

Skill      XL: |  1  2  3  4  5  6  7  8  9 10 11 12 13 14 15 16 17 18 19 20 21 22 23 24 25 26 27 |
---------------+----------------------------------------------------------------------------------+-----
Short Blades   | 3 4 |  4.0
Dodging        | 2 4 5 6 8 9 10 11 12 | 12.0
Fighting       | 2 4 8 9 11 18 | 18.2
Spellcasting   | 3 8 10 11 14 16 20 21 22 25 27 | 27.0
Conjurations   | 8 11 14 16 18 19 20 22 23 24 25 | 25.0
Fire Magic     | 7 8 13 15 16 17 19 20 22 23 24 25 | 25.0
Earth Magic    | 6 8 |  8.0
Charms         | 4 7 10 | 10.4
Poison Magic   | 8 |  8.0
Shields        | 2 7 |  7.0
Necromancy     | 7 14 16 | 16.7
Transmutations | 6 13 15 | 15.3
Translocations | 17 | 17.5
Hexes          | 10 | 10.8
Air Magic      | 5 |  5.6
Throwing       | |  2.0
Stealth        | |  4.8

Action                   |  1- 3 |  4- 6 |  7- 9 | 10-12 | 13-15 | 16-18 | 19-21 | 22-24 | 25-27 || total
-------------------------+-------+-------+-------+-------+-------+-------+-------+-------+-------++-------
Melee: Dagger            |    94 |   178 |   638 |   272 |    23 |       |       |       |       ||  1205
       Short sword       |       |     9 |    84 |    24 |     3 |       |       |       |       ||   120
       Staff             |       |       |       |       |     2 |     5 |     3 |     3 |     6 ||    19
 Fire: Blowgun           |    24 |    29 |    29 |   172 |     2 |       |       |       |       ||   256
Throw: Throwing net      |       |       |       |     1 |       |       |       |       |       ||     1
 Cast: Flame Tongue      |       |       |       |   393 |    32 |       |       |       |       ||   425
       Bolt of Magma     |       |       |       |       |   251 |       |       |       |       ||   251
       Stone Arrow       |       |       |       |       |   358 |    18 |     4 |       |       ||   380
       Iskenderun's Batt |       |       |       |       |    93 |     8 |       |       |       ||   101
       Iron Shot         |       |       |       |       |    21 |       |    33 |       |       ||    54
       Bolt of Fire      |       |       |       |       |    39 |   470 |   290 |   319 |   144 ||  1262
       Regeneration      |       |       |       |       |     7 |     9 |    13 |    11 |    17 ||    57
       Poison Arrow      |       |       |       |       |       |    28 |   207 |   127 |   190 ||   552
       Ignition          |       |       |       |       |       |    14 |    46 |    83 |    56 ||   199
       Fire Storm        |       |       |       |       |       |       |    18 |    25 |   110 ||   153
       Fireball          |       |       |       |       |       |       |     3 |       |       ||     3
       Lehudib's Crystal |       |       |       |       |       |       |     2 |    41 |    56 ||    99
       Ring of Flames    |       |       |       |       |       |       |     1 |     7 |     6 ||    14
       Necromutation     |       |       |       |       |       |       |       |       |     2 ||     2
       Controlled Blink  |       |       |       |       |       |       |       |       |     2 ||     2
       Invisibility      |       |       |       |       |       |       |       |       |     2 ||     2
       Deflect Missiles  |       |       |       |       |       |       |       |       |     1 ||     1
 Abil: Stop Flying       |       |       |       |       |     1 |       |       |       |     1 ||     2
       Evoke Flight      |       |       |       |       |       |       |     1 |       |       ||     1
Evoke: Wand              |       |     6 |     6 |    16 |     4 |       |       |     2 |     1 ||    35
  Use: Scroll            |       |     6 |     8 |    14 |    10 |    11 |    14 |       |    28 ||    91
       Potion            |       |       |     3 |     4 |     3 |     5 |     1 |     1 |     7 ||    24
 Stab: Sleeping          |    18 |     5 |    12 |    14 |       |       |       |       |       ||    49
       Confused          |       |     6 |     2 |       |       |       |       |       |       ||     8
       Distracted        |       |       |     3 |     3 |       |       |       |       |       ||     6
       Paralysed         |       |       |       |       |     1 |       |       |       |       ||     1
  Eat: Chunk             |     2 |     6 |    13 |    22 |    39 |    29 |    36 |    17 |    20 ||   184
       Bread ration      |       |       |     1 |     2 |     3 |       |     1 |       |     3 ||    10
       Fruit             |       |       |       |     3 |     6 |       |       |       |       ||     9
       Royal jelly       |       |       |       |     1 |     3 |     3 |     2 |     2 |     2 ||    13
       Meat ration       |       |       |       |       |     1 |     3 |       |     2 |       ||     6
Armor: Robe              |    15 |    31 |   101 |       |    14 |    51 |    40 |    28 |    17 ||   297
       Leather armour    |       |       |    19 |   132 |    69 |       |       |       |       ||   220
Dodge: Dodged            |    41 |   100 |   485 |   551 |   314 |   114 |    97 |    94 |   119 ||  1915
       Deflected         |       |       |       |       |       |       |       |       |     4 ||     4
Block: Other             |       |       |       |       |       |     9 |    25 |     8 |       ||    42
       Reflection        |       |       |       |       |       |     4 |    10 |    12 |    13 ||    39
       Buckler           |       |       |       |       |       |       |       |    65 |    75 ||   140
